 Dungeon Crawl Stone Soup version 0.23-a0-182-g58cdd98 (webtiles) character file.

240 Amnesiac the Cutter (level 5, 0/42 HPs)
             Began as a Mummy Monk on Sept 20, 2018.
             Slain by a goblin (3 damage)
             ... led by Robin
             ... while paralysed by Grinder
             ... on level 3 of the Dungeon.
             The game lasted 00:04:54 (2046 turns).

Amnesiac the Cutter (Mummy Monk)                    Turns: 2046, Time: 00:04:55

Health: 0/42       AC: 12    Str: 14    XL:     5   Next: 79%
Magic:  5/5        EV:  2    Int: 11    God:
Gold:   85         SH:  0    Dex: 14    Spells: 4/4 levels left

rFire    x . .     SeeInvis .   h - +1 short sword (freeze)
rCold    + . .     Gourm    .   (no shield)
rNeg     + + +     Faith    .   i - +0 chain mail
rPois    ∞         Spirit   .   j - +2 hat
rElec    .         Reflect  .   (no cloak)
rCorr    .         Harm     .   (no gloves)
MR       .....                  l - +1 pair of boots {Fly}
Stlth    ..........             (no amulet)
HPRegen  0.14/turn              (no ring)
MPRegen  0.09/turn              (no ring)

@: paralysed, flying
A: no food or potions, fire vulnerability, cold resistance 1, negative energy
resistance 3, torment resistance, unbreathing
a: Stop Flying


You were on level 3 of the Dungeon.
You were not hungry.

You visited 1 branch of the dungeon, and saw 6 of its levels.

You collected 85 gold pieces.

Inventory:

Hand Weapons
 a - a +0 short sword
 h - a +1 short sword of freezing (weapon)
Armour
 b - a +0 robe
 i - a +0 chain mail (worn)
 j - a +2 hat (worn)
 l - a +1 pair of boots of flying (worn)
 m - a +1 helmet
 n - a cursed +0 leather armour
Scrolls
 c - 3 scrolls of blinking {!r}
 d - a scroll of enchant armour {!r, unknown}
 e - 3 scrolls of identify {!r}
 f - a scroll of fear {!r}
 g - a scroll of enchant weapon {!r, unknown}
 k - a scroll of random uselessness {!r, unknown}


   Skills:
 - Level 3.7 Fighting
 + Level 4.2 Short Blades
 - Level 3.7 Dodging
 - Level 1.5 Stealth


You had 4 spell levels left.
You didn't know any spells.
Your spell library was empty.

Dungeon Overview and Level Annotations

Branches:
Dungeon (6/15)
 Temple: D:4-7

Altars:

Shops:
D:5 [

Annotations:
D:3 Grinder


Innate Abilities, Weirdness & Mutations

You do not eat or drink.
Your flesh is vulnerable to fire.
You are immune to poison.
Your flesh is cold resistant. (rC+)
You are immune to negative energy. (rN+++)
You are immune to unholy pain and torment.
You can survive without breathing.


Message History

You closely miss the goblin.
The goblin is severely wounded.
The goblin hits you but does no damage. The goblin barely misses you. x2
The goblin hits you but does no damage. The goblin hits you.
* * * LOW HITPOINT WARNING * * *
The orc wizard shouts!
You puncture the goblin! You freeze the goblin.
You kill the goblin!
The goblin barely misses you.
The goblin hits you but does no damage. x2
Your chain mail prevents you from hitting the goblin.
The goblin barely misses you. The goblin hits you but does no damage.
The goblin barely misses you.
You miss the goblin. The goblin barely misses you.
The goblin hits you but does no damage.
You barely miss the goblin. The goblin barely misses you.
The goblin hits you but does no damage. The goblin barely misses you.
The goblin hits you.
* * * LOW HITPOINT WARNING * * *
The goblin hits you but does no damage.
You closely miss the goblin. The goblin hits you but does no damage.
The goblin completely misses you. The goblin barely misses you.
The goblin hits you but does no damage. x2
You hit the goblin. You freeze the goblin.
You kill the goblin!
The goblin hits you.
* * * LOW HITPOINT WARNING * * *
The goblin closely misses you. x2
The goblin hits you but does no damage. x2
There is a stone staircase leading up here.
You see here a goblin corpse.
The goblin completely misses you.
The goblin hits you but does no damage. x2
You fly upwards.
Level annotation: Grinder
There is a stone staircase leading down here.
You hit the goblin. You freeze the goblin.
You kill the goblin!
The goblin barely misses you. The goblin hits you but does no damage.
You hit the goblin. You freeze the goblin.
You kill the goblin!
The goblin hits you.
* * * LOW HITPOINT WARNING * * *
The goblin hits you but does no damage.
You see here a dagger.
Items here: ))) ÷÷ a short sword x2; a whip; an orc skeleton x2
Grinder gestures at you.
You suddenly lose the ability to move!
The orc wizard shouts!
Grinder gestures at you. You resist with some effort.
The orc wizard miscasts a cantrip.
A giant cockroach comes into view.
Grinder hits you.
* * * LOW HITPOINT WARNING * * *
The orc wizard points at you and mumbles some strange words.
Helpless, you fail to dodge the puff of flame.
The fire burns you terribly!
* * * LOW HITPOINT WARNING * * *
Grinder gestures at you. You resist with some effort. Grinder hits you.
* * * LOW HITPOINT WARNING * * *
The goblin hits you.
You die...

......<.....# .... #.......
............# ..# .#.......
............# ..##.........
........(...# #..###.......
...........## #.$....#.###.
..........## # #>.......###.
.##..#÷##(# .# #)#...##.....
.......##.###.#######.....##.....
.......(........@5.)....#.##.....
.....#.##........g######.........
###....##......!.## ...##...#....
....#...........## ....##.......
............!...# [.$.s.....s...
....##oo.....o.s# ...s..#...#.#.
#######.#.......# ...s..#%....s.
#.###..##... ..... ##..###.
#####.####..# g.... #...# #.


You could see Grinder, an orc wizard, a giant cockroach and a goblin.

Vanquished Creatures
  2 scorpions
  An iguana (D:4)
  A worker ant (D:6)
  Robin (D:4)
  An adder (D:3)
  An ooze (D:2)
  A worm (D:3)
  A dart slug (D:3)
  2 leopard geckos
  10 orcs
  2 ball pythons
  A bat (D:3)
  6 giant cockroaches
  13 goblins
  A hobgoblin (D:2)
  3 kobolds
  A quokka (D:4)
  3 frilled lizards
  A leopard gecko skeleton (D:5)
  6 rats
58 creatures vanquished.

Notes
Turn   | Place    | Note
-------+----------+-------------------------------------------
     0 | D:1      | Amnesiac the Mummy Monk began the quest for the Orb.
     0 | D:1      | Reached XP level 1. HP: 18/18 MP: 1/1
   178 | D:2      | Reached XP level 2. HP: 22/24 MP: 2/2
   191 | D:3      | Noticed a scorpion
   726 | D:2      | Reached XP level 3. HP: 25/29 MP: 3/3
  1281 | D:5      | Entered Level 5 of the Dungeon
  1449 | D:6      | Noticed a scorpion
  1468 | D:6      | Reached XP level 4. HP: 37/37 MP: 4/4
  1484 | D:6      | Reached skill level 3 in Short Blades
  1500 | D:6      | Noticed a sky beast
  1506 | D:5      | Found Pum Deuny's Armour Shoppe.
  1580 | D:3      | Reached XP level 5. HP: 26/42 MP: 5/5
  1738 | D:4      | Reached skill level 4 in Short Blades
  1867 | D:4      | Noticed Grinder
  1893 | D:4      | Paralysed by Grinder for 4 turns
  1907 | D:4      | Paralysed by Grinder for 5 turns
  1928 | D:4      | Paralysed by Grinder for 4 turns
  1941 | D:4      | Paralysed by Grinder for 7 turns
  1949 | D:4      | Paralysed by Grinder for 3 turns
  1955 | D:4      | Paralysed by Grinder for 2 turns
  1984 | D:4      | Noticed Robin
  2011 | D:4      | Killed Robin
  2041 | D:3      | Paralysed by Grinder for 7 turns
  2046 | D:3      | Slain by a goblin

Vault maps used:
D:1:      ebering_trefoil_twist
D:3:      minmay_roachtagon, nicolae_overflow_quartered_altars, st_stairs_5
D:4:      uniq_robin, uniq_grinder
D:5:      first_ration, serial_shops, nicolae_shop_crystal, uniq_eustachio
D:6:      minmay_temple_entry_junction, enter_ossuary_2, grunt_decor_arrowhead

Skill      XL: |  1  2  3  4  5 |
---------------+----------------+-----
Dodging        | 3 |  3.7
Short Blades   | 3 4 |  4.2
Fighting       | |  3.7
Stealth        | |  1.5

Action                   |  1- 3 |  4- 6 || total
-------------------------+-------+-------++-------
Melee: Short sword       |   118 |   120 ||   238
  Use: Scroll            |     3 |       ||     3
 Stab: Sleeping          |     2 |       ||     2
Armor: Robe              |    12 |       ||    12
       Chain mail        |     6 |   103 ||   109
Dodge: Dodged            |    78 |    74 ||   152

Table legend:
 A = Non-vault XP
 B = Vault XP
 C = Vault XP percentage of total XP
 D = Non-vault monster count
 E = Vault monster count
 F = Vault count percentage of total count
                 A         B        C        D         E       F
            +---------+---------+-------+---------+---------+-------
      Total |     302 |      41 |  12.0 |      43 |      15 |  25.9
            +---------+---------+-------+---------+---------+-------
        D:2 |      29 |       0 |   0.0 |      15 |       0 |   0.0
        D:3 |     116 |       5 |   4.1 |      16 |       3 |  15.8
        D:4 |      49 |      36 |  42.4 |       6 |      12 |  66.7
        D:5 |       4 |       0 |   0.0 |       2 |       0 |   0.0
        D:6 |     104 |       0 |   0.0 |       4 |       0 |   0.0
            +---------+---------+-------+---------+---------+-------
